 Dungeon Crawl Stone Soup version 0.29-a0-197-ge3fb4bd5a4 (webtiles) character file.

Game seed: 2742978206968870742

69 Hasart the Magician (level 4, -13/31 HPs)
             Began as a Djinni Conjurer on Feb 22, 2022.
             Killed by nerve-wracking pain
             ... invoked by Jessica
              (14 damage)
             ... on level 2 of the Dungeon.
             The game lasted 00:05:01 (2096 turns).

Hasart the Magician (Djinni Conjurer)               Turns: 2096, Time: 00:05:01

Health: -13/31     AC:  3    Str:  6    XL:     4   Next: 42%
Gold:   63         EV: 12    Int: 22    God:
                   SH:  0    Dex: 11

rFire   + + .      SeeInvis .   h - +0 mace
rCold   x . .      Faith    .   (no shield)
rNeg    . . .      Spirit   .   a - +0 robe
rPois   ∞          Reflect  .   (no helmet)
rElec   .          Harm     .   (no cloak)
rCorr   .          Rampage  .   k - +0 pair of gloves
Will    .....                   (boots unavailable)
Stlth   ++........              (no amulet)
HPRegen 0.10/turn               m - ring of wizardry
MPRegen 0.00/turn               (no ring)

@: flying
A: sickness immunity, fire resistance 2, cold vulnerability 1, float, innate
caster, HP casting, extra vitality 1
a: no special abilities


You were on level 2 of the Dungeon.
You visited 1 branch of the dungeon, and saw 2 of its levels.

You collected 63 gold pieces.

Inventory:

Hand Weapons
 h - a +0 mace (weapon)
Armour
 a - a +0 robe (worn)
 k - a +0 pair of gloves (worn)
Jewellery
 m - a ring of wizardry (left hand)
Scrolls
 c - a scroll of enchant armour {unknown}
 d - 2 scrolls of magic mapping {unknown}
 e - 4 scrolls of immolation {unknown}
 g - 2 scrolls of identify {unknown}
 i - a scroll of teleportation {unknown}
 l - a scroll of noise {unknown}
 n - a scroll of summoning {unknown}
Potions
 b - a potion of might {unknown}
 f - 2 potions of attraction {unknown}
 j - a potion of magic {unknown}


   Skills:
 + Level 0.1 Fighting
 + Level 3.2 Dodging
 - Level 2.4 Stealth
 * Level 3.7 Spellcasting


You couldn't memorise any spells.
You knew the following spells:

 Your Spells              Type           Power      Damage    Failure   Level
a - Searing Ray           Conj           40%        2d5       1%          2
b - Magic Dart            Conj           80%        1d7       1%          1
c - Fulminant Prism       Conj/Hex       10%        3d9       10%         4
d - Dazzling Flash        Conj/Hex       40%        N/A       3%          3
e - Iskenderun's Mystic   Conj/Tloc      20%        2d6       10%         4
f - Beastly Appendage     Tmut           40%        N/A       1%          1
Your spell library was empty.

Dungeon Overview and Level Annotations

Branches:
Dungeon (2/15)

Altars:
Kikubaaqudgha

Annotations:
D:2 Jessica


Innate Abilities, Weirdness & Mutations

You are immune to sickness and miasma.
You are immune to poison.
Your flesh is very heat resistant. (rF++)
You are vulnerable to cold. (rC-)
You float through the air rather than walking.
You learn spells naturally, not from books.
Your magical power is your life essence.
You have superior vitality. (+4 MHP)


Message History

The quokka barely misses you. The quokka closely misses you.
Unknown command.
Casting: Searing Ray (safe; 1% risk of failure)
Confirm with . or Enter, or press ? or * to list all spells.
Aiming: Searing Ray (safe; 1% risk of failure)
Press: ? - help, Shift-Dir - straight line, p - worm The searing ray hits the quokka!
You kill the quokka!
The searing ray misses Jessica. (Press . to maintain the ray.) Jessica mumbles some strange words.
Jessica seems to speed up.
Unknown command.
The searing ray misses Jessica.
Jessica very coldly says, "I hate your company."
Jessica mumbles some strange words.
Jessica blinks!
The worm bites you!
Unknown command.
Casting: Searing Ray (safe; 1% risk of failure)
Confirm with . or Enter, or press ? or * to list all spells.
Aiming: Searing Ray (safe; 1% risk of failure)
Press: ? - help, Shift-Dir - straight line, f - worm
Aim: a worm (heavily wounded, 92% to hit)
The searing ray hits the worm!
You kill the worm! (Press . to maintain the ray.)
* * * LOW HITPOINT WARNING * * *
Jessica barely misses you.
Jessica shouts, "I don't like beings like you!"
Jessica zaps a wand.
The puff of flame hits you. You resist.
* * * LOW HITPOINT WARNING * * *
Jessica zaps a wand.
The puff of flame hits you. You resist.
* * * LOW HITPOINT WARNING * * *
Jessica grins evilly.
Jessica gestures at you while chanting. Pain shoots through your body!
* * * LOW HITPOINT WARNING * * *
Jessica gestures at you while chanting. Pain shoots through your body!
You die...

.....)###########.# #.#
###...............# #.#
#.#.....##.###..# #.#
#......§.#......#######.#
##..##'##†.####.#>.......#
##..##...##......#.########
....#.....#..###@#.#
#.).#.....#..# #.#.#
#...#?...:#..#
#@#.##############
#...##...##..#
#.....)...........
###..#####..##
#.#.############## ##...
.... #.#.# #.. # #... .###
..#.# #.# ## ##..# ####.#
###### #.# .##
#.####....####.# ..##
#.##...........# ...#
###.##......####.#


You could see Jessica (fast).

Vanquished Creatures
  3 adders (D:2)
  2 worms (D:2)
  A dart slug (D:2)
  2 bats (D:1)
  3 endoplasms
  3 goblins
  A hobgoblin (D:1)
  6 jackals
  A quokka (D:2)
  2 ball pythons
  2 frilled lizards (D:2)
  5 kobolds
  4 rats
35 creatures vanquished.

Notes
Turn   | Place    | Note
-------+----------+-------------------------------------------
     0 | D:1      | Hasart the Djinni Conjurer began the quest for the Orb.
     0 | D:1      | Reached XP level 1. HP: 15/15 MP: 0/0
   147 | D:1      | Reached XP level 2. HP: 13/21 MP: 0/0
   487 | D:1      | Found a faded altar of an unknown god.
  1115 | D:2      | Reached XP level 3. HP: 15/25 MP: 0/0
  1115 | D:2      | Learned a level 1 spell: Beastly Appendage
  1675 | D:2      | Reached XP level 4. HP: 29/31 MP: 0/0
  2074 | D:2      | Noticed Jessica
  2095 | D:2      | HP: 1/31 [Jessica/nerve-wracking pain (3)]
  2096 | D:2      | Killed from afar by Jessica

Illustrated notes

Levels and vault maps discovered:
D:1:      lemuel_arrival_lava_pool, layout_rooms, ebering_ecumenical_altar_hall
D:2:      wander_river, layout_loops_ring, basic_altar, kennysheep_jessica_study

Skill      XL: |  1  2  3 |
---------------+----------+-----
Stealth        | 2 |  2.4
Dodging        | 3 |  3.2
Fighting       | |  0.1
Spellcasting   | |  3.7

Action                   |  1- 3 |  4- 6 || total
-------------------------+-------+-------++-------
Melee: Mace              |       |     1 ||     1
 Cast: Magic Dart        |    13 |       ||    13
       Searing Ray       |    21 |    10 ||    31
Armor: Robe              |     1 |       ||     1
Dodge: Dodged            |     4 |     8 ||    12

Table legend: (Time is in decaauts)
 A = Elapsed time spent in this place.
 B = Non-inter-level travel time spent in this place.
 C = Inter-level travel time spent in this place.
 D = Time resting spent in this place.
 E = Time spent auto-exploring this place.
 F = Levels seen in this place.
 G = Mean time per level.
                   A        B        C        D        E       F      G
               +--------+--------+--------+--------+--------+-----+--------+
         Total |   2095 |   2078 |     17 |     18 |   1852 |   2 | 1047.5 |
       Dungeon |   2095 |   2078 |     17 |     18 |   1852 |   2 | 1047.5 |
               +--------+--------+--------+--------+--------+-----+--------+

Top non-repeatable levels by time:
     D:2: 1157 daAuts
     D:1: 937 daAuts
